 Dungeon Crawl Stone Soup version 0.27-a0-406-g23f261fbd2 (webtiles) character file.

Game seed: 5457013320419499587

368 tatocazan the Sneak (level 6, -8/42 HPs)
             Began as an Octopode Brigand on Feb 22, 2021.
             Was an Initiate of Dithmenos.
             Mangled by Duvessa
             ... wielding a +4 short sword of venom
              (18 damage)
             ... on level 4 of the Dungeon.
             The game lasted 00:05:04 (4420 turns).

tatocazan the Sneak (Octopode Brigand)              Turns: 4420, Time: 00:05:05

Health: -8/42      AC:  1    Str: 11    XL:     6   Next: 69%
Magic:  6/6        EV: 14    Int: 13    God:    Dithmenos [......]
Gold:   143        SH:  0    Dex: 15    Spells: 5/5 levels left

rFire    . . .     SeeInvis .   q - +3 dagger (venom)
rCold    . . .     Faith    .   (no shield)
rNeg     . . .     Spirit   .   (helmet restricted)
rPois    .         Reflect  .   (no amulet)
rElec    .         Harm     .   (no ring)
rCorr    .         Rampage  .   (no ring)
Will     .....                  (no ring)
Stlth    +++++.....             (no ring)
HPRegen  0.14/turn              (no ring)
MPRegen  0.10/turn              (no ring)
                                (no ring)
                                (no ring)

@: lethally poisoned (-8 -> -36)
A: almost no armour, stealthy swim, amphibious, 8 rings, constrict 8, camouflage
1, gelatinous body 1
a: Renounce Religion


You were on level 4 of the Dungeon.
You worshipped Dithmenos.
Dithmenos was noncommittal.
You visited 2 branches of the dungeon, and saw 5 of its levels.

You collected 143 gold pieces.

Inventory:

Hand Weapons
 a - a +2 dagger
 q - a +3 dagger of venom (weapon)
Missiles
 b - 16 poisoned darts (quivered)
 c - 2 curare-tipped darts
Jewellery
 m - an amulet of magic regeneration {unknown}
Wands
 o - a wand of polymorph (4)
 t - a wand of flame (19)
Scrolls
 d - 4 scrolls of identify
 k - a scroll of enchant weapon
Potions
 e - a potion of curing
 f - a potion of degeneration {unknown}
 i - a potion of heal wounds {unknown}
 j - 2 potions of haste {unknown}
 l - a potion of might {unknown}
 n - 2 potions of flight {unknown}
 r - a potion of experience {unknown}
 u - a potion of mutation {unknown}


   Skills:
 + Level 3.2 Fighting
 * Level 4.2 Short Blades
 - Level 2.0 Throwing
 + Level 2.7 Dodging
 * Level 7.6 Stealth


You had 5 spell levels left.
You didn't know any spells.
Your spell library was empty.

Dungeon Overview and Level Annotations

Branches:
Dungeon (4/15)             Temple (1/1) D:4

Altars:
Cheibriados
Dithmenos
Gozag
Hepliaklqana
Kikubaaqudgha
Makhleb
Nemelex Xobeh
Okawaru
Qazlal
Sif Muna
Trog
Uskayaw
Vehumet
Xom
The Shining One

Annotations:
D:4 Duvessa


Innate Abilities, Weirdness & Mutations

You cannot wear most types of armour.
You are very stealthy in the water. (Stealth+)
You are amphibious.
You can wear up to eight rings at the same time.
You can use your tentacles to constrict eight enemies at once.
Your skin changes colour to match your surroundings (Stealth+).
Your rubbery body absorbs attacks. (AC +1, EV +1)


Message History

The howler monkey hits you.
You take 5 damage, and have 37/42 hp.
You hit the howler monkey. You squeeze the howler monkey.
The howler monkey is almost dead.
You constrict the howler monkey.
You kill the howler monkey!
Dithmenos accepts your kill.
Dowan shouts!
You hit Dowan.
Dowan is poisoned.
Your grab misses Dowan.
Dowan is lightly wounded.
Dowan barely misses you.
You barely miss Dowan. Your grab misses Dowan.
Dowan is lightly wounded.
You hit Dowan.
Dowan looks as sick as possible!
Your grab misses Dowan.
Dowan is heavily wounded.
Dowan hits you but does no damage. Dowan misses you.
Duvessa says, "Where magic fails, the sword succeeds!"
You kill Dowan!
Dithmenos accepts your kill.
Duvessa screams in rage.
Duvessa goes berserk!
Throw: 17 darts (poison)
Press: ? - help, Q - select action, (/) - cycle Shift-Dir - straight line, f - Duvessa
Aim: Duvessa, wielding a +4 short sword of venom and wearing a +0 leather armour (berserk, 64% to hit)
You throw a poisoned dart. The poisoned dart hits Duvessa.
Duvessa is poisoned.
Duvessa rages.
Duvessa hits you with a +4 short sword of venom!
You are poisoned.
You take 7 damage, and have 31/42 hp.
You feel sick.
You feel sick.
Duvessa hits you with a +4 short sword of venom!!
* * * LOW HITPOINT WARNING * * *
You are lethally poisoned!
You take 19 damage, and have 12/42 hp.
MASSIVE DAMAGE!!
* * * LOW HITPOINT WARNING * * *
You feel sick.
Duvessa hits you with a +4 short sword of venom!!
You die...

#.......#
##..####
#.#.##.##.#
##.....##
#.....#
#.#.#####.#
##...##
#####(#
#[........#
##'## #.#
###.#######
#.# #.# #.#
#.# #.# #.#
####.## #.#
#.# #.#..ยง##
#######e#
#.#######
.......#
#.....@.#
#........
......##
#.#######
#########
...#.######.#
#...........#
####.########
#.# #.# #.#
...


You could see Duvessa (berserk, poisoned).

Vanquished Creatures
  Dowan (D:4)
  A scorpion (D:3)
  2 howler monkeys
  A worker ant (D:4)
  4 gnolls (D:3)
  4 adders
  2 oozes (D:3)
  A dart slug (D:3)
  3 leopard geckos (D:3)
  6 orcs (D:3)
  4 giant cockroaches
  8 hobgoblins
  5 jackals (D:3)
  7 kobolds
  3 quokkas (D:3)
  A ball python (D:1)
  9 bats
  3 frilled lizards
  7 goblins
  9 rats
81 creatures vanquished.

Notes
Turn   | Place    | Note
-------+----------+-------------------------------------------
     0 | D:1      | tatocazan the Octopode Brigand began the quest for the Orb.
     0 | D:1      | Reached XP level 1. HP: 14/14 MP: 1/1
   440 | D:1      | Reached XP level 2. HP: 19/19 MP: 2/2
   757 | D:1      | You fall into a shaft and drop 1 floor!
   890 | D:2      | Reached XP level 3. HP: 24/24 MP: 3/3
  1053 | D:2      | Found a hide-covered altar of Uskayaw.
  1067 | D:2      | Found a stormy altar of Qazlal.
  1785 | D:3      | Reached skill level 6 in Stealth
  1932 | D:3      | Reached XP level 4. HP: 24/30 MP: 4/4
  2805 | D:3      | Reached XP level 5. HP: 34/35 MP: 5/5
  3494 | D:3      | Reached skill level 7 in Stealth
  3499 | D:3      | Reached XP level 6. HP: 42/42 MP: 6/6
  3855 | D:4      | Found a staircase to the Ecumenical Temple.
  3911 | Temple   | Entered the Ecumenical Temple
  3973 | Temple   | Became a worshipper of Dithmenos the Shadowed
  4142 | D:4      | Noticed Dowan
  4143 | D:4      | Noticed Duvessa
  4415 | D:4      | Killed Dowan
  4420 | D:4      | Mangled by Duvessa

Illustrated notes

Levels and vault maps discovered:
D:1:      tarquinn_simple_flora_water_a, layout_basic
D:2:      layout_loops_ring, lemuel_round_altar, overflow_temple_1_default,
          minmay_misc_feat_encased, serial_bayou_pond_e, minivault_14
D:3:      layout_rooms, serial_aquarium, aquarium_bridge_long_separate
          [aquarium_subvault_bridge, aquarium_subvault_window,
          aquarium_subvault_wall, aquarium_subvault_wall,
          aquarium_subvault_bridge, aquarium_subvault_bridge],
          aquarium_window_double, aquarium_window_corridor_2, aquarium_view_2d,
          aquarium_pool_2, minmay_between
D:4:      layout_loops_corners, minitemple, minmay_temple_entry_junction,
          serial_shops, kennysheep_mini, glass_columns_c, serial_bayou_pond_e,
          uniq_duvessa
Temple:   cyrus_circular_temple

Skill      XL: |  1  2  3  4  5  6 |
---------------+-------------------+-----
Stealth        | 6 7 |  7.6
Short Blades   | 3 4 |  4.2
Dodging        | 2 |  2.7
Fighting       | 3 |  3.2
Throwing       | |  2.0

Action                   |  1- 3 |  4- 6 || total
-------------------------+-------+-------++-------
Melee: Dagger            |    56 |    81 ||   137
       Constrict         |     8 |    23 ||    31
       Tentacles         |     6 |    21 ||    27
Throw: Dart              |     3 |    14 ||    17
  Use: Potion            |       |     4 ||     4
       Scroll            |       |     6 ||     6
 Stab: Sleeping          |    15 |    12 ||    27
       Distracted        |     1 |       ||     1
Armor: Skin              |       |     7 ||     7
Dodge: Dodged            |    17 |    56 ||    73

Table legend: (Time is in decaauts)
 A = Elapsed time spent in this place.
 B = Non-inter-level travel time spent in this place.
 C = Inter-level travel time spent in this place.
 D = Time resting spent in this place.
 E = Time spent auto-exploring this place.
 F = Levels seen in this place.
 G = Mean time per level.
                   A        B        C        D        E       F      G
               +--------+--------+--------+--------+--------+-----+--------+
         Total |   4398 |   4267 |    131 |   1614 |   2151 |   5 |  879.6 |
       Dungeon |   4331 |   4204 |    127 |   1614 |   2109 |   4 | 1082.8 |
        Temple |     67 |     63 |      4 |      0 |     42 |   1 |   67.0 |
               +--------+--------+--------+--------+--------+-----+--------+

Top non-repeatable levels by time:
     D:3: 1662 daAuts
     D:2: 1242 daAuts
     D:1: 901 daAuts
     D:4: 524 daAuts
  Temple: 67 daAuts
